 Dungeon Crawl Stone Soup version 0.28-a0-804-g60983d4ba9 (webtiles) character file.

Game seed: 12034161092081295614

1 kae the Caller (level 1, -2/10 HPs)
             Began as a Tengu Summoner on Nov 7, 2021.
             Slain by a hobgoblin (3 damage)
             ... on level 1 of the Dungeon.
             The game lasted 00:00:10 (43 turns).

kae the Caller (Tengu Summoner)                       Turns: 43, Time: 00:00:10

Health: -2/10      AC:  2    Str:  8    XL:     1   Next: 20%
Magic:  4/4        EV: 12    Int: 15    God:
Gold:   0          SH:  0    Dex: 14    Spells: 3/4 levels left

rFire   . . .      SeeInvis .   (no weapon)
rCold   . . .      Faith    .   (no shield)
rNeg    . . .      Spirit   .   a - +0 robe
rPois   .          Reflect  .   (helmet restricted)
rElec   .          Harm     .   (no cloak)
rCorr   .          Rampage  .   (no gloves)
Will    .....                   (boots unavailable)
Stlth   ++........              (no amulet)
HPRegen 0.03/turn               (no ring)
MPRegen 0.09/turn               (no ring)

@: no status effects
A: beak, talons 3
a: no special abilities


You were on level 1 of the Dungeon.
You visited 1 branch of the dungeon, and saw 1 of its levels.

Inventory:

Armour
 a - a +0 robe (worn)
Scrolls
 b - a scroll of brand weapon {unknown}


   Skills:
 + Level 0.0 Fighting
 + Level 2.2 Dodging
 - Level 2.0 Stealth
 + Level 2.0 Spellcasting
 * Level 4.8 Summonings


You had 3 spell levels left.
You knew the following spells:

 Your Spells              Type           Power      Damage    Failure   Level
a - Summon Small Mammal   Summ           64%        N/A       3%          1

Your spell library contained the following spells:

 Spells                   Type           Power      Damage    Failure   Level
 Call Imp                 Summ           16%        N/A       4%          2
 Call Canine Familiar     Summ           16%        N/A       9%          3
 Summon Guardian Golem    Hex/Summ       8%         N/A       24%         3
 Summon Lightning Spire   Summ/Air       8%         N/A       63%         4


Dungeon Overview and Level Annotations

Branches:
Dungeon (1/15)

Altars:


Innate Abilities, Weirdness & Mutations

You have a beak for a mouth.
You have claws for feet.


Message History

Casting: Summon Small Mammal (safe; 3% risk of failure)
Confirm with . or Enter, or press ? or * to list all spells.
The quokka bites you.
The hobgoblin shouts!
The quokka closely misses you.
You hit the quokka but do no damage. The quokka bites you.
You hit the quokka but do no damage. The quokka barely misses you.
Your quokka bites the quokka.
The quokka closely misses you.
There are monsters nearby!
You barely miss the quokka. Your kick misses the quokka.
The quokka is heavily wounded.
Your quokka closely misses the quokka.
The quokka closely misses you.
You hit the quokka but do no damage. Your kick misses the quokka.
The quokka is heavily wounded.
Your quokka bites the quokka.
The quokka bites you.
Your quokka misses the quokka.
There are monsters nearby!
You are too injured to fight recklessly!
You are too injured to fight recklessly!
You are too injured to fight recklessly!
You are too injured to fight recklessly!
You closely miss the quokka. Your kick misses the quokka.
The quokka is severely wounded.
The quokka bites you.
* * * LOW HITPOINT WARNING * * *
Your quokka closely misses the quokka.
You barely miss the quokka.
The quokka is severely wounded.
The quokka barely misses you.
The hobgoblin closely misses your quokka.
Your quokka bites the quokka.
The quokka dies!
Unknown command.
The hobgoblin closely misses your quokka.
The hobgoblin hits you but does no damage.
Your quokka barely misses the hobgoblin.
You barely miss the hobgoblin. Your kick misses the hobgoblin.
Your quokka barely misses the hobgoblin.
The hobgoblin hits you.
You die...

. ..##### .......
.......###
.........##
.......@..########. .
.##...gr.............
....#?#†#......###..
..# #.#.###........#
. + #.+ +.....##.
##+#+####...##
.........#...#
..#.8.#..#.###
....≈.≈.....#


You could see a hobgoblin (ally target) and a friendly quokka (summoned).

Vanquished Creatures (collateral kills)
  A quokka (D:1)
1 creature vanquished.

Notes
Turn   | Place    | Note
-------+----------+-------------------------------------------
     0 | D:1      | kae the Tengu Summoner began the quest for the Orb.
     0 | D:1      | Reached XP level 1. HP: 10/10 MP: 4/4
    43 | D:1      | Slain by a hobgoblin

Illustrated notes

Levels and vault maps discovered:
D:1:      shiori_arrival_oz, layout_rooms

Action                   || total
-------------------------++-------
Melee: Unarmed           ||     7
 Cast: Summon Small Mamm ||     2
Armor: Robe              ||     2
Dodge: Dodged            ||     5

Table legend: (Time is in decaauts)
 A = Elapsed time spent in this place.
 B = Non-inter-level travel time spent in this place.
 C = Inter-level travel time spent in this place.
 D = Time resting spent in this place.
 E = Time spent auto-exploring this place.
 F = Levels seen in this place.
 G = Mean time per level.
                   A        B        C        D        E       F      G
               +--------+--------+--------+--------+--------+-----+--------+
         Total |     43 |     43 |      0 |      0 |     28 |   1 |   43.0 |
       Dungeon |     43 |     43 |      0 |      0 |     28 |   1 |   43.0 |
               +--------+--------+--------+--------+--------+-----+--------+

Top non-repeatable levels by time:
     D:1: 43 daAuts
